 Dungeon Crawl Stone Soup version 0.22-a0-619-ga0c6fd2 (webtiles) character file.

2867 Kavrick the Carver (level 10, -1/77 HPs)
             Began as a Human Fighter on July 14, 2018.
             Was a Follower of Qazlal.
             Succumbed to a hornet's poison
             ... while paralysed by a hornet
             ... on level 8 of the Dungeon.
             The game lasted 00:15:29 (9710 turns).

Kavrick the Carver (Human Fighter)                  Turns: 9710, Time: 00:15:30

Health: -1/77      AC: 17    Str: 19    XL:     10   Next: 4%
Magic:  12/12      EV:  2    Int:  9    God:    Qazlal [*.....]
Gold:   286        SH:  0    Dex: 13    Spells: 9/9 levels left

rFire    . . .     SeeInvis .   p - +1 falchion (slice)
rCold    . . .     Gourm    .   c - +1 shield
rNeg     . . .     Faith    .   t - +0 chain mail
rPois    .         Spirit   .   j - +0 helmet
rElec    .         Reflect  .   w - +0 cloak
rCorr    .         Harm     .   k - +2 pair of gloves
MR       .....                  y - +0 pair of boots
Stlth    ..........             (no amulet)
HPRegen  0.22/turn              e - +3 ring of slaying
MPRegen  0.13/turn              m - ring of stealth

@: paralysed, lethally poisoned (-1 -> -20), slowed
A: no striking features
a: Renounce Religion


You were on level 8 of the Dungeon.
You worshipped Qazlal.
Qazlal was aware of your devotion.
You were not hungry.

You visited 2 branches of the dungeon, and saw 9 of its levels.

You collected 286 gold pieces.

Inventory:

Hand Weapons
 a - a +1 long sword
 p - a +1 falchion of slicing (weapon)
Armour
 c - a +1 shield (worn)
 j - a +0 helmet (worn)
 k - a +2 pair of gloves (worn)
 t - a +0 chain mail (worn)
 w - a +0 cloak (worn)
 y - a +0 pair of boots (worn)
Jewellery
 d - an uncursed ring of flight
 e - a +3 ring of slaying (left hand)
 m - a ring of stealth (right hand)
 x - an uncursed ring of protection from cold {unknown}
 B - an uncursed amulet of regeneration {unknown}
Wands
 s - a wand of iceblast (22)
 C - a wand of digging (17)
Scrolls
 l - 3 scrolls of teleportation
 q - 3 scrolls of identify
 r - 5 scrolls of remove curse {unknown}
 v - 2 scrolls of magic mapping {unknown}
 z - a scroll of fog {unknown}
 D - a scroll of summoning {unknown}
Potions
 b - 2 potions of curing {unknown}
 g - a potion of cancellation {unknown}
 h - 2 potions of heal wounds {unknown}
 i - a potion of resistance
 n - a potion of haste {unknown}
 o - 2 potions of brilliance {unknown}
 u - 2 potions of flight {unknown}
Comestibles
 f - 10 rations
 A - 10 chunks of flesh


   Skills:
 + Level 6.4 Fighting
 * Level 8.3 Long Blades
 + Level 6.3 Armour
 + Level 6.4 Shields
 + Level 3.1 Evocations


You had 9 spell levels left.
You didn't know any spells.
Your spell library contained the following spells:

 Spells                   Type           Power        Failure   Level  Hunger
 Confuse                  Hex            #.......     100%        3    ####...
 Stone Arrow              Conj/Erth      #.....       100%        3    ####...
 Confusing Touch          Hex            #.....       100%        1    ##.....
 Passwall                 Tmut/Erth      #.......     100%        2    ###....
 Metabolic Englaciation   Hex/Ice        #.........   100%        5    ######.
 Lee's Rapid Deconstruct  Erth           #.........   100%        5    ######.
 Sandblast                Erth           #.....       100%        1    ##.....
 Petrify                  Tmut/Erth      #.......     100%        4    #####..
 Gell's Gravitas          Tloc           #.........   100%        3    ####...
 Yara's Violent Unravell  Hex/Tmut       #.........   100%        5    ######.


Dungeon Overview and Level Annotations

Branches:
Dungeon (8/15)             Temple (1/1) D:6
   Lair: D:8-11

Altars:
Ashenzari
Cheibriados
Dithmenos
Fedhas
Gozag
Hepliaklqana
Kikubaaqudgha
Makhleb
Nemelex Xobeh
Okawaru
Qazlal
Ru
Sif Muna
Trog
Uskayaw
Vehumet
Wu Jian
Xom
Zin
The Shining One

Shops:
D:4 (

Annotations:
D:4 2 runed doors, Meatbag's ghost, amateur GnEn
D:5 1 runed door


Message History

You feel yourself slow down.
The hornet stings you but does no damage.
You feel sick. The hornet stings you.
* * * LOW HITPOINT WARNING * * *
You feel as though you will be slow longer.
You can move again.
You feel sick.
The hornet stings you but does no damage.
You feel sick. You block the hornet's attack.
You feel sick. The hornet stings you!
* * * LOW HITPOINT WARNING * * *
You are lethally poisoned!
You feel as though you will be slow longer.
You block the hornet's attack.
* * * LOW HITPOINT WARNING * * *
You feel sick. The hornet stings you.
* * * LOW HITPOINT WARNING * * *
You are more poisoned.
You suddenly lose the ability to move!
You die...

###### .....# ####.# ####.#
###### .....# .....#
.....##############.....# ##
....>................(..#...#
####)##########รท.....####...#
####.## ##@...........#
......# #yO..........#
......## ######..###.......#
.............................
......##########.#)#.....##
......# #.#.#.....# #######
#.#.#.##.## ..# #.....##.###
#.# #.#.#......#


You could see a hornet and an ogre.

Vanquished Creatures
  Sigmund (D:3)
  Eustachio (D:5)
  A hungry ghost (D:8)
  A water moccasin (D:8)
  A phantom (D:4)
  2 sky beasts
  A necrophage (D:6)
  2 ogres
  2 centaurs (D:5)
  Blork the orc (D:4)
  3 bullfrogs
  5 killer bees (D:7)
  A howler monkey (D:5)
  5 crimson imps
  A bullfrog zombie (D:8)
  A hound (D:6)
  3 orc priests
  2 jellies
  A centaur skeleton (D:8)
  A bullfrog skeleton (D:5)
  4 iguanas
  Ijyb (D:3)
  2 orc wizards
  7 worker ants
  A killer bee zombie (D:7)
  A hound zombie (D:4)
  A hound skeleton (D:8)
  A howler monkey zombie (D:7)
  Robin (D:3)
  A worker ant zombie (D:7)
  11 adders
  A howler monkey skeleton (D:4)
  2 oozes (D:2)
  An adder skeleton (D:3)
  3 adder zombies
  2 worms
  3 dart slugs
  6 leopard geckos
  14 orcs
  4 giant cockroaches
  9 goblins
  10 hobgoblins
  9 jackals
  3 quokkas
  A ball python (D:1)
  12 bats
  4 frilled lizards
  A jackal skeleton (D:5)
  A jackal zombie (D:7)
  5 kobolds
  2 quokka skeletons (D:5)
  7 rats
167 creatures vanquished.

Notes
Turn   | Place    | Note
-------+----------+-------------------------------------------
     0 | D:1      | Kavrick the Human Fighter began the quest for the Orb.
     0 | D:1      | Reached XP level 1. HP: 18/18 MP: 1/1
   118 | D:1      | Reached XP level 2. HP: 24/24 MP: 2/2
   561 | D:1      | Reached XP level 3. HP: 29/29 MP: 3/3
  1112 | D:2      | Reached skill level 3 in Long Blades
  1112 | D:2      | Reached XP level 4. HP: 26/35 MP: 4/4
  1323 | D:2      | Found a glowing golden altar of the Shining One.
  1395 | D:2      | Found a radiant altar of Vehumet.
  2105 | D:3      | Reached XP level 5. HP: 37/41 MP: 5/5
  2236 | D:3      | Noticed Robin
  2458 | D:3      | Killed Robin
  2500 | D:3      | Noticed Sigmund
  2797 | D:3      | Killed Sigmund
  2797 | D:3      | Reached skill level 4 in Long Blades
  2797 | D:3      | Reached XP level 6. HP: 36/48 MP: 6/6
  3193 | D:3      | Noticed Ijyb
  3210 | D:3      | Killed Ijyb
  3272 | D:4      | Reached XP level 7. HP: 54/54 MP: 7/7
  3774 | D:4      | Found a runed door.
  3781 | D:4      | Noticed Meatbag's ghost (amateur GnEn)
  3895 | D:4      | Found a runed door.
  3939 | D:4      | Reached skill level 5 in Long Blades
  4293 | D:4      | Found Hefop's Weapon Shoppe.
  4564 | D:4      | Found a shadowy altar of Dithmenos.
  4921 | D:5      | Entered Level 5 of the Dungeon
  4964 | D:5      | Noticed Eustachio
  5417 | D:5      | Killed Eustachio
  5417 | D:5      | Reached XP level 8. HP: 36/61 MP: 8/8
  5562 | D:5      | Noticed Blork the orc
  5584 | D:4      | Killed Blork the orc
  5904 | D:5      | Reached skill level 6 in Long Blades
  5904 | D:5      | Reached skill level 5 in Shields
  6072 | D:5      | Reached skill level 5 in Fighting
  6072 | D:5      | Reached skill level 5 in Armour
  6103 | D:5      | Found a runed door.
  6875 | D:6      | Found a staircase to the Ecumenical Temple.
  7001 | D:6      | Found a glowing silver altar of Zin.
  7035 | Temple   | Entered the Ecumenical Temple
  7112 | Temple   | Became a worshipper of Qazlal Stormbringer
  7391 | D:6      | Reached XP level 9. HP: 68/68 MP: 9/9
  7575 | D:6      | Reached skill level 7 in Long Blades
  7575 | D:6      | Reached skill level 1 in Evocations
  8468 | D:7      | Found a blossoming altar of Fedhas.
  8864 | D:7      | Reached * piety under Qazlal
  9303 | D:8      | Found a shimmering altar of Xom.
  9304 | D:8      | Found a hide-covered altar of Uskayaw.
  9313 | D:8      | Reached skill level 8 in Long Blades
  9618 | D:8      | Reached XP level 10. HP: 72/77 MP: 12/12
  9686 | D:8      | Paralysed by a hornet for 3 turns
  9703 | D:8      | Paralysed by a hornet for 3 turns
  9709 | D:8      | HP: 1/77 [hornet (6)]
  9709 | D:8      | Paralysed by a hornet for 3 turns
  9710 | D:8      | Succumbed to a hornet's poison

Vault maps used:
D:1:      ebering_trefoil_twist
D:2:      tso_oasis_becter, old_standard_altar, minmay_tromino_i2
D:3:      first_ration, uniq_ijyb, uniq_robin, uniq_sigmund
D:4:      marbit_many_paths, serial_shops, shop, ebering_ghost_sewer_f,
          grunt_decor_cap
D:5:      uniq_eustachio, uniq_crazy_yiuf_cottage, uniq_blork_the_orc
D:6:      zin_academy, minmay_temple_entry_large_hall, minivault_24
D:7:      fedhas_altar_1, serial_curves, eino_curves_04, eino_curves_01,
          eino_curves_02
D:8:      gammafunk_temple_overflow_pools
Temple:   nicolae_temple_god_jail

Skill      XL: |  1  2  3  4  5  6  7  8  9 10 |
---------------+-------------------------------+-----
Long Blades    | 3 4 5 6 8 |  8.3
Fighting       | 4 5 6 |  6.4
Armour         | 4 5 6 |  6.3
Shields        | 4 5 6 |  6.4
Evocations     | 2 3 |  3.1

Action                   |  1- 3 |  4- 6 |  7- 9 | 10-12 || total
-------------------------+-------+-------+-------+-------++-------
Melee: Long sword        |    97 |   202 |   157 |       ||   456
       Falchion          |       |       |   321 |    27 ||   348
  Use: Potion            |       |     1 |       |       ||     1
       Scroll            |       |       |     6 |       ||     6
  Eat: Chunk             |     1 |     7 |    20 |       ||    28
       Ration            |       |       |     1 |       ||     1
Armor: Scale mail        |    63 |   104 |     2 |       ||   169
       Chain mail        |       |       |   255 |    13 ||   268
Dodge: Dodged            |    21 |    79 |    98 |     9 ||   207
Block: Shield            |    53 |   110 |   280 |    15 ||   458
       Rpst.: Long sword |     7 |    29 |     8 |       ||    44
       Falchion          |       |       |    20 |     2 ||    22

Table legend:
 A = Spawn XP
 B = Non-spawn XP
 C = Spawn XP percentage of total XP
 D = Spawn monster count
 E = Non-spawn monster count
 F = Spawn count percentage of total count
 G = Total turns spent on level
                    A         B        C        D         E        F      G
               +---------+---------+-------+---------+---------+-------+---------
         Total |       0 |    4096 |   0.0 |       0 |     167 |   0.0 |  9710
               +---------+---------+-------+---------+---------+-------+---------
           D:1 |       0 |      33 |   0.0 |       0 |      18 |   0.0 |   819
           D:2 |       0 |     123 |   0.0 |       0 |      28 |   0.0 |  1556
           D:3 |       0 |     354 |   0.0 |       0 |      30 |   0.0 |  1048
           D:4 |       0 |     392 |   0.0 |       0 |      11 |   0.0 |  2032
           D:5 |       0 |     699 |   0.0 |       0 |      17 |   0.0 |  1193
           D:6 |       0 |     602 |   0.0 |       0 |      11 |   0.0 |  1211
           D:7 |       0 |    1098 |   0.0 |       0 |      38 |   0.0 |  1260
           D:8 |       0 |     795 |   0.0 |       0 |      14 |   0.0 |   504
               +---------+---------+-------+---------+---------+-------+---------
